 Dungeon Crawl Stone Soup version 0.29.1-12-g30fa7ad0bf (webtiles) character file.

Game seed: 12031004942978412703

76375 concernfroge the Spry (level 15, -1/92 HPs)
             Began as a Felid Transmuter on Jan 15, 2023.
             Was a High Priest of Wu Jian.
             Slain by a wolf spider (5 damage)
             ... on level 2 of the Spider Nest on Jan 18, 2023.
             The game lasted 03:08:17 (39610 turns).

concernfroge the Spry (Felid Transmuter)           Turns: 39610, Time: 03:08:19

Health: -1/92      AC:  9    Str:  5      XL:     15   Next: 12%
Magic:  26/28      EV: 34    Int: 22 (23) God:    Wu Jian [*****.]
Gold:   857        SH:  0    Dex: 24 (25) Spells: 0/30 levels left
                                        Lives:  0   Deaths: 4

rFire   . . .      SeeInvis +     - Unarmed
rCold   + + +      Faith    +   (shield unavailable)
rNeg    . . .      Spirit   .   (body armour unavailable)
rPois   +          Reflect  .   (helmet unavailable)
rElec   .          Harm     .   (cloak unavailable)
rCorr   .          Rampage  .   (gloves unavailable)
Will    ++...                   (boots unavailable)
Stlth   +.........              N - amulet of a Million Loafs {Faith Fly rF+ Regen+ Str-4}
HPRegen 1.05/turn               G - +6 ring of dexterity
MPRegen 0.21/turn               K - ring "Qisucs" {Wiz Str+4}

@: confused, lethally poisoned (-1 -> -14), ice-form (expiring), ambrosia-drunk,
wereblooded, spiked, in a heavenly storm, flying, hasted, glowing, very quick
A: freezing attack, amphibious, boosted hp, large, (claws 1), (fangs 3), see
invisible, (speed 1), (shaggy fur 3), (stealthy paws), no weapons or thrown
items, no armour, multi-lived, (iridescent scales 1), (camouflage 1), clever 1,
subdued magic 1
a: End Transformation, Renounce Religion, Wall Jump, Serpent's Lash, Heavenly
Storm


You were on level 2 of the Spider Nest.
You worshipped Wu Jian.
Wu Jian was extremely pleased with you.
You were a creature of crystalline ice.
You visited 5 branches of the dungeon, and saw 25 of its levels.

You collected 3677 gold pieces.
You spent 2820 gold pieces at shops.

Inventory:

Jewellery
 y - a ring of resist corrosion
 C - the ring of the Tortoise {AC+8}
   (You took it off a deep elf pyromancer on level 12 of the Dungeon)

   [ring of protection]

   AC:        It affects your AC (+8).
 F - a +4 ring of slaying
 G - a +6 ring of dexterity (left front paw)
 K - the ring "Qisucs" (right front paw) {Wiz Str+4}
   (You found it on level 4 of the Lair of Beasts)

   [ring of wizardry]

   It improves your spell success rate.
   Str:       It affects your strength (+4).
 N - the amulet of a Million Loafs (around neck) {Faith Fly rF+ Regen+ Str-4}
   (You acquired it on level 12 of the Dungeon)

   [amulet of faith]

   It allows you to gain divine favour quickly.
   Str:       It affects your strength (-4).
   rF:        It protects you from fire.
   Fly:       It grants you flight.
   Regen:     It increases your rate of health regeneration.
Wands
 f - a wand of digging (3)
 h - a wand of polymorph (11)
 t - a wand of flame (16)
Scrolls
 a - 3 scrolls of identify
 c - 2 scrolls of vulnerability
 d - 6 scrolls of amnesia
 e - 4 scrolls of magic mapping
 m - a scroll of silence
 n - 4 scrolls of poison
 r - 3 scrolls of immolation
 s - 5 scrolls of teleportation
 x - a scroll of noise
 E - 3 scrolls of fog
 O - 2 scrolls of summoning
 P - a scroll of torment
 T - a scroll of fear
Potions
 g - 7 potions of mutation
 i - 6 potions of flight
 j - 3 potions of lignification
 k - a potion of haste
 I - a potion of invisibility
 J - a potion of cancellation
Miscellaneous
 q - a condenser vane
 A - a tin of tremorstones (1/2)
 H - a phial of floods
 L - a box of beasts (inert)


   Skills:
 + Level 15.1 Fighting
 + Level 15.2 Dodging
 - Level 12.0 Stealth
 + Level 15.1 Unarmed Combat
 - Level 8.0 Spellcasting
 - Level 6.1 Hexes
 - Level 8.0 Translocations
 - Level 8.0 Transmutations
 - Level 8.0 Ice Magic
 - Level 10.0 Evocations


You couldn't memorise any spells.
You knew the following spells:

 Your Spells              Type           Power      Damage    Failure   Level
a - Beastly Appendage     Tmut           66%        N/A       1%          1
b - Wereblood             Tmut           33%        N/A       1%          2
c - Frozen Ramparts       Ice            66%        1d10      1%          3
d - Blink                 Tloc           66%        N/A       1%          2
e - Ice Form              Ice/Tmut       33%        N/A       1%          4
f - Manifold Assault      Tloc           33%        N/A       2%          5
g - Spider Form           Tmut/Pois      20%        N/A       1%          3
h - Passage of Golubria   Tloc           33%        N/A       1%          4
i - Yara's Violent Unrav  Hex/Tmut       15%        3d8       4%          5
j - Apportation           Tloc           66%        N/A       1%          1

Your spell library contained the following spells:

 Spells                   Type           Power      Damage    Failure   Level
 Freeze                   Ice            100%       1d11      1%          1
 Slow                     Hex            100%       N/A       1%          1
 Confusing Touch          Hex            27%        N/A       1%          3
 Lesser Beckoning         Tloc           33%        N/A       1%          3
 Tukima's Dance           Hex            27%        N/A       1%          3
 Magic Dart               Conj           24%        1d4       2%          1
 Necrotise                Necr           24%        1d5       2%          1
 Sandblast                Erth           12%        2d6       2%          1
 Summon Small Mammal      Summ           24%        N/A       2%          1
 Ignite Poison            Fire/Tmut/Pois 15%        N/A       2%          3
 Poisonous Vapours        Pois/Air       12%        N/A       3%          2
 Searing Ray              Conj           12%        2d4       3%          2
 Hailstorm                Conj/Ice       20%        3d6       4%          4
 Iskenderun's Mystic Bla  Conj/Tloc      20%        2d6       4%          4
 Conjure Flame            Conj/Fire      6%         6-21      8%          3
 Mephitic Cloud           Conj/Pois/Air  6%         N/A       8%          3
 Vampiric Draining        Necr           6%         2d6       8%          3
 Fulminant Prism          Conj/Hex       8%         3d7       8%          4
 Summon Forest            Summ/Tloc      10%        N/A       13%         5
 Summon Mana Viper        Hex/Summ       17%        N/A       21%         5
 Freezing Cloud           Conj/Ice/Air   7%         6-21      24%         5
 Airstrike                Air            3%         2d(1-17)  26%         4
 Corpse Rot               Necr/Pois/Air  6%         N/A       26%         4
 Sticky Flame             Conj/Fire      6%         2d3       26%         4
 Summon Lightning Spire   Summ/Air       6%         N/A       26%         4
 Lee's Rapid Deconstruct  Erth           3%         3d6*      56%         5
 Lightning Bolt           Conj/Air       3%         1d14      56%         5
 Summon Cactus Giant      Summ           3%         N/A       98%         6
 Haunt                    Necr/Summ      3%         N/A       100%        7
 Summon Hydra             Summ           3%         N/A       100%        7


Dungeon Overview and Level Annotations

Branches:
Dungeon (15/15)            Temple (1/1) D:7            Lair (5/5) D:9
 Shoals (0/4) Lair:2       Spider (2/4) Lair:3        Slime (0/5) Lair:5
    Orc (2/2) D:9             Elf (0/3) Orc:2        Vaults (0/5) D:14
 Depths (0/4) D:15

Altars:
Ashenzari
Cheibriados
Dithmenos
Elyvilon
Fedhas
Gozag
Hepliaklqana
Kikubaaqudgha
Makhleb
Nemelex Xobeh
Okawaru
Qazlal
Ru
Sif Muna
Trog
Uskayaw
Vehumet
Wu Jian
Xom
Yredelemnul
Zin
The Shining One
Jiyva
Lugonu

Shops:
D:2 (   D:7 =   D:12 ?   D:15 ?:[   Orc:2 :[((*

Portals:
Abyss: Lair:5

Annotations:
D:10 1 runed translucent door, exclusion: door, mampy3000's ghost, journeyman MiBe
D:12 3 runed translucent doors, exclusions: 3 doors and tengu reaver
Spider:1 exclusion: downstairs


Innate Abilities, Weirdness & Mutations

You are a creature of crystalline ice.
You have a powerful freezing melee attack.
You are amphibious.
Your maximum health is increased.
((You have sharp claws.))
((You have razor-sharp teeth.))
You have supernaturally acute eyesight. (SInv)
((You cover ground quickly. (Speed+)))
((Your thick and shaggy fur keeps you warm. (AC +3, rC+)))
((Your paws help you pounce on unaware monsters.))
You are incapable of wielding weapons or throwing items.
You cannot wear armour.
You gain extra lives every three experience levels.
((You are partially covered in iridescent scales. (AC +2)))
((Your skin changes colour to match your surroundings (Stealth+).))
Your mind is acute. (Int +4, Str/Dex -1)
Your spells are a little easier to cast, but a little less powerful.


Message History

The tarantella touches you but does no damage.
The steelbarb worm completely misses you.
The pharaoh ant completely misses you.
An orb of destruction comes into view.
The redback bites you.
A wolf spider comes into view.
The tarantella misses you.
Your transformation is almost over.
The wavering orb of destruction hits you!!
* * * LOW HITPOINT WARNING * * *
The redback completely misses you. The pharaoh ant completely misses you.
The steelbarb worm closely misses you. The tarantella completely misses you.
The orb spider pulsates with a strange energy.
Okay, then.
The redback bites you.
* * * LOW HITPOINT WARNING * * *
You are lethally poisoned!
The redback poisons you! The pharaoh ant closely misses you.
The tarantella barely misses you. The steelbarb worm hits you.
* * * LOW HITPOINT WARNING * * *
Barbed spikes become lodged in your body.
Okay, then.
You are too confused!
You are too confused!
Okay, then.
* * * LOW HITPOINT WARNING * * *
You feel very sick.
A meliai comes into view. It is wielding a +0 hand axe.
A redback comes into view.
The wolf spider misses you. The wolf spider completely misses you.
The pharaoh ant completely misses you. The tarantella touches you.
* * * LOW HITPOINT WARNING * * *
The steelbarb worm completely misses you.
* * * LOW HITPOINT WARNING * * *
You feel very sick.
You hear a chilling moan.
You hear a faint skittering sound.
The wolf spider closely misses you. The wolf spider completely misses you.
The pharaoh ant closely misses you. The tarantella misses you.
The wolf spider hits you.
You die...

#..†..§###☼§§☼##.#.#....... #
####....#.s.§☼§§§☼§^........#?..
##.°#^.....Z.☼☼☼§§§☼#s..#....s...
☼|☼§§†.†^#....☼☼§☼☼☼.....<..#
#○§○☼#§..#.#..☼§§§§#.>$...^..#
##††☼☼.......##°§§#☼...#^....ss..
##~##§#...^#.§s§y☼§☼..#......#..
#☼~☼§§§..#..§§sBs☼§#.....s.H..#
#..##......#☼☼Ywy○☼#....#.#....
#..† .......§§ssy#§.B#....s.#..
#.#....#...#.☼§#s#°..s.#....ss..
## .#......#.☼☼☼§○.......
...^...^........^.
#$.....##.....#. .# .^#.#...
..#.# . . . ...##. ..#.) #. #...
.. .. ...


You could see a steelbarb worm, 2 wolf spiders, an orb spider (charged), a
pharaoh ant, a tarantella, 2 redbacks and 3 meliai.

Vanquished Creatures
  Nikola (Spider:2)
  Arachne (Spider:2)
  Agnes (D:15)
  A ghost moth (Spider:2)
  An orc warlord (Orc:2)
  A broodmother (Spider:2)
  Azrael (Spider:1)
  4 entropy weavers
  An ettin (D:12)
  A fire dragon (D:15)
  A yaktaur captain (D:12)
  A vault guard (D:14)
  Harold (Lair:1)
  Fannar (Orc:1)
  An ice dragon (D:15)
  11 boulder beetles
  14 hydras
  2 radroaches
  2 catoblepae
  2 two-headed ogres
  7 centaur warriors
  2 tengu warriors
  An orc high priest (Orc:2)
  A deep troll earth mage (D:13)
  Sonja (Lair:1)
  Urug (Lair:1)
  3 thrashing horrors (Lair:5)
  Nergalle (Lair:1)
  A sun moth (Spider:2)
  2 skeletal warriors (D:13)
  3 pharaoh ants
  Amaemon (Lair:1)
  2 orb spiders
  2 steelbarb worms
  2 wizards
  A deep elf archer (D:14)
  4 orc knights (Orc:2)
  12 wolf spiders
  4 deep elf pyromancers
  9 cyclopes
  3 orc sorcerers (Orc:2)
  10 manticores
  10 ugly things
  A cyclops (shapeshifter) (D:14)
  4 black mambas
  2 merfolk sirens (Lair:2)
  A guardian serpent (shapeshifter) (D:14)
  Joseph (Lair:1)
  8 elephants
  An orange demon (Lair:1)
  A guardian serpent (Lair:3)
  2 gargoyles
  A torpor snail (shapeshifter) (D:14)
  Maggie (Lair:1)
  A smoke demon (Lair:5)
  13 cane toads
  A kobold demonologist (D:12)
  11 torpor snails
  Psyche (D:12)
  7 komodo dragons
  An unseen horror (shapeshifter) (D:14)
  A freezing wraith (D:14)
  3 rime drakes
  A demonic crawler (Spider:2)
  2 efreet
  2 unseen horrors
  3 ancient zymes (Lair:5)
  10 trolls
  3 merfolk
  A meliai (shapeshifter) (Lair:5)
  7 meliai
  A merfolk (shapeshifter) (D:13)
  2 polar bears
  3 hornets
  12 tarantellas
  2 slime creatures
  16 blink frogs (Lair:5)
  13 jumping spiders
  A spriggan (shapeshifter) (D:12)
  A shadow (D:13)
  6 wyverns
  3 ynoxinuls (Lair:5)
  7 culicivoras
  2 spriggans (Lair:5)
  4 wraiths
  2 vampires
  3 fire elementals (Spider:1)
  51 yaks
  9 vampire mosquitoes
  A steam dragon (D:6)
  10 basilisks
  2 large abominations (Lair:5)
  41 redbacks
  A redback (shapeshifter) (Lair:5)
  5 acid dragons
  8 small abominations (Lair:5)
  8 water moccasins
  3 wargs (Orc:2)
  3 hell hounds (Spider:1)
  An ice beast (D:6)
  A meliai simulacrum (D:14)
  29 orc warriors
  2 sky beasts (D:8)
  2 black bears
  5 wolves (Lair:1)
  8 centaurs
  6 ogres
  3 phantoms
  A kobold brigand (D:8)
  15 bullfrogs
  2 necrophages
  6 gnoll sergeants
  4 scorpions
  5 wights
  14 killer bees
  3 electric eels
  4 howler monkeys (D:6)
  5 jellies
  A gnoll bouda (D:9)
  18 orc priests
  2 hounds
  4 iguanas
  23 orc wizards
  7 hell rats (Lair:2)
  27 gnolls
  4 adders
  2 white imps (D:8)
  4 worms
  5 dart slugs
  81 orcs
  8 ball pythons
  11 endoplasms
  3 giant cockroaches
  5 goblins
  6 hobgoblins
  3 jackals (D:3)
  A quokka (D:2)
  5 bats
  4 frilled lizards
  A goblin zombie (D:8)
  4 hobgoblin zombies (D:8)
  6 kobolds
  2 kobold skeletons (D:8)
  A kobold zombie (D:8)
  2 orc skeletons (D:8)
  An orc zombie (D:8)
  3 rats
803 creatures vanquished.

Vanquished Creatures (collateral kills)
  3 skeletal warriors (D:13)
  An ugly thing (D:12)
  A blink frog (Lair:5)
  4 redbacks
9 creatures vanquished.

Vanquished Creatures (others)
  An orc warrior (D:12)
  An orc wizard (Orc:2)
  24 fungi
  22 plants
48 creatures vanquished.

Grand Total: 860 creatures vanquished

Notes
Turn   | Place    | Note
-------+----------+-------------------------------------------
     0 | D:1      | concernfroge the Felid Transmuter began the quest for the
                  | Orb.
     0 | D:1      | Reached XP level 1. HP: 9/9 MP: 4/4
   212 | D:1      | You fall into a shaft and drop 1 floor!
   452 | D:1      | Reached XP level 2. HP: 12/12 MP: 3/6
   455 | D:1      | Learned a level 2 spell: Wereblood
   928 | D:2      | Reached skill level 1 in Stealth
  1013 | D:2      | Found Zyss's Weapon Shop.
  1518 | D:3      | Reached XP level 3. HP: 15/15 MP: 5/7
  1669 | D:3      | Learned a level 3 spell: Frozen Ramparts
  2526 | D:4      | Found a sparkling altar of Nemelex Xobeh.
  2698 | D:4      | Noticed a necrophage
  2779 | D:4      | Reached XP level 4. HP: 11/19 MP: 6/8
  2786 | D:4      | Splashed by a jelly's acid
  2787 | D:4      | Reached XP level 3. HP: 1/16 MP: 5/7
  3095 | D:4      | Noticed a black bear
  3102 | D:4      | Reached XP level 4. HP: 19/19 MP: 8/8
  3482 | D:4      | Noticed a scorpion
  3578 | D:4      | Noticed a phantom
  3602 | D:5      | Entered Level 5 of the Dungeon
  3644 | D:5      | Noticed a phantom
  3648 | D:6      | Noticed a steam dragon
  3662 | D:6      | Killed a phantom
  3663 | D:6      | Reached skill level 1 in Ice Magic
  3663 | D:6      | Reached XP level 5. HP: 14/22 MP: 7/10
  3670 | D:6      | Killed a steam dragon
  3671 | D:6      | Gained mutation: You are covered in thick fur. (AC +2)
                  | [Felid growth]
  3671 | D:6      | Reached XP level 6. HP: 10/27 MP: 8/11
  3684 | D:6      | Gained mutation: Your spells are a little easier to cast,
                  | but a little less powerful. [potion of mutation]
  3684 | D:6      | Gained mutation: Your mind is acute. (Int +4, Str/Dex -1)
                  | [potion of mutation]
  3684 | D:6      | Gained mutation: Your skin changes colour to match your
                  | surroundings (Stealth+). [potion of mutation]
  3684 | D:6      | Gained mutation: You are partially covered in iridescent
                  | scales. (AC +2) [potion of mutation]
  4015 | D:5      | Identified a scroll of acquirement
  4016 | D:5      | Acquired 992 gold pieces
  4145 | D:5      | Reached XP level 7. HP: 20/30 MP: 7/12
  4947 | D:6      | Reached skill level 5 in Dodging
  5180 | D:6      | HP: 1/29 [ice beast (13)]
  5699 | D:7      | Learned a level 2 spell: Blink
  5704 | D:7      | Learned a level 4 spell: Ice Form
  5749 | D:7      | Reached XP level 8. HP: 34/34 MP: 12/14
  5783 | D:7      | Reached skill level 5 in Stealth
  5989 | D:7      | Noticed a manticore
  6000 | D:7      | Killed a manticore
  6001 | D:7      | Reached skill level 5 in Unarmed Combat
  6231 | D:7      | Noticed a hornet
  6239 | D:7      | Killed a hornet
  6240 | D:7      | Reached skill level 5 in Transmutations
  6646 | D:7      | Found Rurej's Jewellery Shoppe.
  6656 | D:7      | Bought an amulet of reflection for 360 gold pieces
  6664 | D:7      | Bought a +6 ring of intelligence for 432 gold pieces
  6670 | D:7      | Found a staircase to the Ecumenical Temple.
  6681 | Temple   | Entered the Ecumenical Temple
  6689 | Temple   | Became a worshipper of the Wu Jian Council
  6900 | D:7      | Reached skill level 5 in Translocations
  6902 | D:7      | Reached skill level 5 in Fighting
  7408 | D:6      | Reached XP level 9. HP: 40/40 MP: 14/16
  8767 | D:1      | Reached * piety under Wu Jian
  8774 | D:1      | Learned a level 5 spell: Manifold Assault
  8789 | D:1      | Found a faded altar of an unknown god.
  9332 | D:8      | Reached skill level 5 in Spellcasting
  9342 | D:8      | Reached skill level 5 in Ice Magic
  9632 | D:8      | Found a shimmering altar of Xom.
  9943 | D:8      | Noticed a two-headed ogre
  9974 | D:8      | Reached XP level 10. HP: 45/45 MP: 10/18
  9974 | D:8      | Mangled by a two-headed ogre
  9975 | D:8      | Reached XP level 9. HP: -7/49 MP: 10/17
 10020 | D:8      | Reached ** piety under Wu Jian
 10261 | D:8      | Found a glowing golden altar of the Shining One.
 10711 | D:8      | Killed a two-headed ogre
 11207 | D:9      | Reached XP level 10. HP: 46/46 MP: 9/18
 11210 | D:9      | Noticed a two-headed ogre
 11235 | D:9      | Killed a two-headed ogre
 11331 | D:9      | Reached *** piety under Wu Jian
 11358 | D:9      | Reached skill level 10 in Dodging
 11680 | D:9      | Found a staircase to the Orcish Mines.
 11983 | D:9      | Found a staircase to the Lair.
 12029 | D:9      | Found a shadowy altar of Dithmenos.
 12101 | D:9      | Paralysed by a hornet for 1 turns
 12109 | D:9      | Reached XP level 11. HP: 45/51 MP: 15/19
 12369 | D:10     | Entered Level 10 of the Dungeon
 13032 | D:10     | Reached **** piety under Wu Jian
 13385 | D:10     | Found a runed translucent door.
 13565 | D:10     | Found a sacrificial altar of Ru.
 13626 | D:10     | Noticed mampy3000's ghost (journeyman MiBe)
 14087 | D:11     | Noticed a catoblepas
 14127 | D:11     | Killed a catoblepas
 14438 | D:11     | Noticed an eight-headed hydra
 14447 | D:11     | Killed an eight-headed hydra
 15144 | D:11     | Reached skill level 10 in Fighting
 15144 | D:11     | Reached skill level 10 in Unarmed Combat
 15422 | Lair:1   | Entered Level 1 of the Lair of Beasts
 15631 | Lair:1   | Noticed Maggie
 15647 | Lair:1   | Killed Maggie
 15648 | Lair:1   | Gained mutation: Your thick and shaggy fur keeps you warm.
                  | (AC +3, rC+) [Felid growth]
 15648 | Lair:1   | Reached XP level 12. HP: 58/58 MP: 5/20
 15745 | Lair:1   | Noticed Urug
 15758 | Lair:1   | Noticed Nergalle
 15758 | Lair:1   | Killed Urug
 15762 | Lair:1   | Killed Nergalle
 15768 | Lair:1   | Noticed Joseph
 15777 | Lair:1   | Killed Joseph
 15969 | Lair:1   | Noticed Harold
 15990 | Lair:1   | Killed Harold
 16320 | Lair:1   | Got the Book of Lithic Adjuration
 16724 | Lair:1   | Noticed Sonja
 16735 | Lair:1   | Killed Sonja
 17048 | Lair:1   | Noticed Amaemon
 17055 | Lair:1   | Killed Amaemon
 17650 | Lair:2   | Found a staircase to the Shoals.
 18856 | D:7      | Bought a +6 ring of dexterity for 432 gold pieces
 19276 | Lair:3   | Reached skill level 1 in Evocations
 19426 | Lair:3   | Found a hole to the Spider Nest.
 19771 | Lair:4   | Noticed a five-headed hydra
 19795 | Lair:4   | Reached XP level 13. HP: 59/64 MP: 9/21
 20023 | Lair:4   | Identified the ring "Qisucs" {Wiz Str+4}
 20213 | Lair:4   | Reached ***** piety under Wu Jian
 21008 | Lair:4   | Reached skill level 10 in Stealth
 21469 | Lair:4   | Reached skill level 5 in Evocations
 21753 | Lair:4   | HP: 2/76 [guardian serpent (16)]
 22446 | Lair:4   | Found the +3 pair of seven-league boots {Rampage+∞}
 22590 | Lair:5   | Entered Level 5 of the Lair of Beasts
 23249 | Lair:5   | Found a snail-covered altar of Cheibriados.
 23734 | Lair:5   | Found a viscous altar of Jiyva.
 23735 | Lair:5   | Found a staircase to the Slime Pits.
 25535 | Lair:5   | Reached skill level 10 in Evocations
 25568 | Lair:5   | Reached XP level 14. HP: 61/69 MP: 2/22
 26919 | Lair:5   | Found a corrupted altar of Lugonu.
 26919 | Lair:5   | Found a one-way gate to the infinite horrors of the Abyss.
 27052 | Lair:5   | Learned a level 3 spell: Spider Form
 27329 | D:12     | Noticed Psyche
 27335 | D:12     | Killed Psyche
 29656 | D:12     | Noticed a tengu reaver
 31148 | D:12     | Identified the +10 longbow "Wematz" {freeze, rElec Dex-4
                  | Stlth+}
 32251 | D:12     | Found a runed translucent gate.
 32251 | D:12     | Found a runed translucent gate.
 32251 | D:12     | Found a runed translucent gate.
 32347 | D:12     | Found Duntengu's Magic Scroll Boutique.
 32355 | D:12     | Bought 2 scrolls of teleportation for 90 gold pieces
 32355 | D:12     | Bought a scroll of identify for 30 gold pieces
 32355 | D:12     | Bought a scroll of summoning for 142 gold pieces
 32751 | D:12     | Acquired the amulet of a Million Loafs {Faith Fly rF+
                  | Regen+ Str-4}
 32765 | D:12     | Acquired Great Wizards, Vol. VII
 32772 | D:12     | Learned a level 4 spell: Passage of Golubria
 32778 | D:12     | Learned a level 5 spell: Yara's Violent Unravelling
 32833 | D:12     | Bought a scroll of silence for 142 gold pieces
 32833 | D:12     | Bought a scroll of torment for 142 gold pieces
 32899 | Orc:1    | Entered Level 1 of the Orcish Mines
 32947 | Orc:1    | Reached skill level 1 in Hexes
 33373 | Orc:1    | Noticed Fannar
 33393 | Orc:1    | Killed Fannar
 33830 | Orc:2    | Entered Level 2 of the Orcish Mines
 34038 | Orc:2    | Noticed an orc warlord
 34058 | Orc:2    | Reached XP level 15. HP: 48/72 MP: 3/28
 34066 | Orc:2    | Killed an orc warlord
 34067 | Orc:2    | Reached skill level 5 in Hexes
 34074 | Orc:2    | Found Kem Wum's Book Boutique.
 34205 | Orc:2    | Found Migg's Antique Weapon Boutique.
 34251 | Orc:2    | Found a staircase to the Elven Halls.
 34320 | Orc:2    | Found Zesased's Weapon Shoppe.
 34484 | Orc:2    | Found Fapot's Antique Armour Boutique.
 34531 | Orc:2    | Found Joobrip's General Store.
 34538 | Orc:2    | Bought 2 potions of heal wounds for 150 gold pieces
 34538 | Orc:2    | Bought a scroll of summoning for 142 gold pieces
 34538 | Orc:2    | Bought a scroll of teleportation for 45 gold pieces
 34538 | Orc:2    | Bought a tin of tremorstones (2/2) for 600 gold pieces
 34538 | Orc:2    | Bought a scroll of teleportation for 45 gold pieces
 34835 | Orc:2    | Learned a level 1 spell: Apportation
 35220 | D:14     | Found a gate to the Vaults.
 35308 | D:14     | Splashed by a brown ugly thing's acid
 35309 | D:14     | Reached XP level 14. HP: -3/82 MP: 18/27
 36105 | D:14     | Identified the +2 robe of Abstinence {Dex+7}
 36379 | D:15     | Entered Level 15 of the Dungeon
 36452 | D:15     | Found Kalokuiso's Magic Scroll Emporium.
 36467 | D:15     | Bought 2 scrolls of identify for 68 gold pieces
 36481 | D:15     | Found Ugoashot's Self-Improvement Boutique.
 36751 | D:15     | Reached skill level 15 in Dodging
 37022 | D:15     | Noticed Agnes
 37132 | D:15     | Found Carao's Antique Armour Emporium.
 37153 | D:15     | HP: 1/84 [tengu warrior/+0 dire flail (6)]
 37642 | D:15     | Found a staircase to the Depths.
 37953 | D:15     | Killed Agnes
 37954 | D:15     | Reached XP level 15. HP: 26/74 MP: 21/28
 38263 | Spider:1 | Entered Level 1 of the Spider Nest
 38274 | Spider:1 | Noticed Azrael
 38283 | Spider:1 | Killed Azrael
 38521 | Spider:1 | Demolished by a wolf spider simulacrum
 38522 | Spider:1 | Reached XP level 14. HP: -16/71 MP: 14/27
 38610 | Spider:1 | Identified the +0 trident "Ahodaph" {elec, *Noise rF+
                  | Int+4}
 39220 | Spider:2 | Noticed Arachne
 39517 | Spider:2 | Noticed Nikola
 39533 | Spider:2 | Killed Nikola
 39534 | Spider:2 | Killed Arachne
 39535 | Spider:2 | Noticed a broodmother
 39540 | Spider:2 | Killed a broodmother
 39547 | Spider:2 | Noticed a ghost moth
 39550 | Spider:2 | Reached skill level 15 in Fighting
 39557 | Spider:2 | Reached skill level 15 in Unarmed Combat
 39577 | Spider:2 | Reached XP level 15. HP: 56/77 MP: 0/28
 39610 | Spider:2 | HP: 4/92 [poisoned by a redback]
 39610 | Spider:2 | Slain by a wolf spider

Illustrated notes

Levels and vault maps discovered:
D:1:      minmay_arrival_four_circles, layout_loops_ring,
          hellmonk_ecumenical_altar_blasted, minmay_misc_feat_ornament
D:2:      layout_basic, serial_shops, shop
D:3:      layout_basic, glass_columns_a, minmay_misc_feat_square
D:4:      layout_basic, nemelex_dance_club_becter, wad_rectangle_vault
D:5:      layout_cave_pools, minivault_4
D:6:      layout_gridville, portal_sewer_entry_d
D:7:      layout_basic, minmay_temple_entry_stoned_glass, st_stairs_12,
          minmay_shop_enchanted_jewellery
D:8:      layout_loops_ring, nicolae_tso_besieged_by_evil, kennysheep_mini_moat,
          minivault_26
D:9:      layout_small_grid, mainiacjoe_overflow_concentric_impassable,
          minmay_lair_entry_grove, david_orc_4, st_stairs_5
D:10:     layout_rooms, nicolae_ru_the_path_less_chosen,
          ebering_ghost_reflecting_pool, st_stairs_11, grunt_ministairs_9,
          grunt_decor_junction, minivault_4, chequers_garden, kennysheep_doodads
D:11:     layout_loops_corners, special_room [special_room_orc],
          fungi_pond_lemuel
D:12:     minmay_complete_graph, layout_cave_pods,
          ploomutoo_gammafunk_ghost_potion_laboratory, serial_shops, shop,
          nicolae_diamond_shop, uniq_psyche
D:13:     layout_roguey
D:14:     cheibrodos_ideogram_h, layout_cave_pools, david_vaults_5,
          minmay_staircase_windowed_large
D:15:     grunt_enter_depths_hoard, layout_irregular_city, serial_shops,
          nicolae_shop_waterfront, shop_coins, nicolae_shop_self_help,
          uniq_agnes
Temple:   sentei_temple_godly_chess
Lair:1:   layout_cave_pods, dreamdust_mushroom_princess, lemuel_fruit_tree,
          grunt_megastairs_3, uniq_maggie, uniq_harold, uniq_sonja, uniq_urug,
          uniq_joseph, uniq_nergalle, uniq_amaemon
Lair:2:   layout_cave_pods, elwin_shoals_entry_stream
Lair:3:   layout_loops_ring, spider_nest_entry_webs
Lair:4:   layout_small_grid, st_stairs_9, minivault_19,
          hellmonk_guarded_unrand_seven_league_boots, lemuel_fruit_fields
Lair:5:   hellmonk_lair_end_abyssal_woods, layout_hall_layers,
          nicolae_slime_entry_slimehenge, kennysheep_snail_temple
Spider:1: layout_spider_delve, uniq_azrael
Spider:2: layout_spider_delve, uniq_arachne, uniq_nikola
Orc:1:    layout_diamond_mine, basic_altar, uniq_fannar
Orc:2:    grunt_orc_cross, layout_diamond_mine, serial_shops,
          nicolae_shop_hallway_stairs

Skill      XL: |  1  2  3  4  5  6  7  8  9 10 11 12 13 14 15 |
---------------+----------------------------------------------+-----
Dodging        | 3 4 5 8 10 12 15 14 | 15.2
Stealth        | 1 2 3 4 5 8 12 | 12.0
Transmutations | 3 4 5 8 |  8.0
Fighting       | 2 3 5 6 8 10 12 15 | 15.1
Ice Magic      | 1 2 4 6 8 |  8.0
Spellcasting   | 3 4 5 8 |  8.0
Unarmed Combat | 4 5 7 8 10 12 15 | 15.1
Translocations | 5 8 |  8.0
Evocations     | 2 10 | 10.0
Hexes          | 4 6 |  6.1

Action                   |  1- 3 |  4- 6 |  7- 9 | 10-12 | 13-15 || total
-------------------------+-------+-------+-------+-------+-------++-------
Melee: Unarmed           |   108 |    87 |   410 |   570 |  1505 ||  2680
       Headbutt          |    13 |    16 |    48 |       |     4 ||    81
       Bite              |    13 |     9 |    16 |       |     8 ||    46
       Punch             |     1 |     2 |     2 |       |     2 ||     7
 Cast: Beastly Appendage |    27 |     8 |    25 |     1 |     6 ||    67
       Wereblood         |     3 |     6 |    26 |    46 |    87 ||   168
       Frozen Ramparts   |       |     1 |     2 |       |     2 ||     5
       Ice Form          |       |       |    16 |    47 |   112 ||   175
       Manifold Assault  |       |       |     5 |    59 |   258 ||   322
       Blink             |       |       |     1 |     1 |     4 ||     6
       Spider Form       |       |       |       |       |     5 ||     5
Invok: Lunge             |       |       |    27 |    41 |   104 ||   172
       Whirlwind         |       |       |     1 |    35 |   243 ||   279
       Serpent's Lash    |       |       |       |    10 |    23 ||    33
       Heavenly Storm    |       |       |       |       |     5 ||     5
 Abil: Wall Jump         |       |       |       |     3 |    11 ||    14
       End Transformatio |       |       |       |       |     5 ||     5
Evoke: Wand              |       |       |    19 |    23 |    54 ||    96
       Box of beasts     |       |       |       |       |     6 ||     6
       Phial of floods   |       |       |       |       |     2 ||     2
       Tin of tremorston |       |       |       |       |     3 ||     3
       Condenser vane    |       |       |       |       |     2 ||     2
  Use: Potion            |     2 |     5 |     4 |     2 |    29 ||    42
       Scroll            |     3 |     7 |     2 |     6 |    19 ||    37
 Stab: Sleeping          |     2 |     3 |    17 |     7 |    28 ||    57
       Paralysed         |       |       |       |     4 |    12 ||    16
       Distracted        |       |       |       |       |     3 ||     3
Armor: Skin              |    23 |    35 |    39 |    52 |   140 ||   289
Dodge: Dodged            |    65 |    62 |   193 |   242 |   988 ||  1550
Block: Other             |       |       |    42 |    70 |    69 ||   181
       Reflection        |       |       |     1 |     3 |       ||     4
